| TOP OF THE 1ST |
|
Syracuse Chiefs batting - Pitching for New Orleans Zephyrs : RHP Chris Funderburg
|
|
Pitching: RHP Chris Funderburg
|
|
|
Batting: LHB Dillon Gonzalez
|
0-0: Ball 1-0: Ball 2-0: Called Strike 2-1: Fly out, F8 (Flyball, 78D, EV 102.5 MPH)
|
|
Batting: LHB Dana McDonald
|
0-0: Called Strike 0-1: Ball 1-1: Ball 2-1: Ball 3-1: Foul Ball, location: 2F 3-2: Base on Balls
|
|
Batting: LHB Sidney Pedder
|
0-0: Called Strike Dana McDonald steals 2nd base 0-1: Foul Ball, location: 2F 0-2: Foul Ball, location: 2F 0-2: Strikes out swinging
|
|
Batting: RHB Jared Speck
|
0-0: Foul Ball, location: 2F 0-1: Swinging Strike 0-2: Ball 1-2: Strikes out swinging
|
| Top of the 1st over - 0 runs, 0 hits, 0 errors, 1 left on base; Syracuse 0 - New Orleans 0 |
| BOTTOM OF THE 1ST |
|
New Orleans Zephyrs batting - Pitching for Syracuse Chiefs : LHP Brian Walters
|
|
Pitching: LHP Brian Walters
|
|
|
Batting: SHB Ramon Martinez
|
0-0: Ball 1-0: Fly out, F5 (Popup, 56S, EV 70.0 MPH)
|
|
Batting: RHB Omar Contreras
|
0-0: Called Strike 0-1: Fly out, F9 (Flyball, 89M, EV 84.4 MPH)
|
|
Batting: RHB Alex Gomez
|
0-0: Ball 1-0: Ball 2-0: Swinging Strike 2-1: Called Strike 2-2: Strikes out looking
|
| Bottom of the 1st over - 0 runs, 0 hits, 0 errors, 0 left on base; Syracuse 0 - New Orleans 0 |
| TOP OF THE 2ND |
|
Syracuse Chiefs batting - Pitching for New Orleans Zephyrs : RHP Chris Funderburg
|
|
Batting: SHB Alex Ethridge
|
0-0: Foul Ball, location: 2F 0-1: Called Strike 0-2: Ball 1-2: Foul Ball, location: 2F 1-2: Ball 2-2: Foul Ball, location: 2F 2-2: Fly out, F8 (Flyball, 8LXD, EV 108.1 MPH)
|
|
Batting: RHB Rene Montoya
|
0-0: Ball 1-0: Fly out, F6 (Popup, 6M, EV 75.6 MPH)
|
|
Batting: RHB Ryan Short
|
0-0: Ball 1-0: Called Strike 1-1: Ground out 6-3 (Groundball, 6, EV 84.4 MPH)
|
| Top of the 2nd over - 0 runs, 0 hits, 0 errors, 0 left on base; Syracuse 0 - New Orleans 0 |
| BOTTOM OF THE 2ND |
|
New Orleans Zephyrs batting - Pitching for Syracuse Chiefs : LHP Brian Walters
|
|
Batting: RHB Gebre-Giorgios Tikolo
|
0-0: Foul Ball, location: 2F 0-1: Called Strike 0-2: Strikes out swinging
|
|
Batting: RHB Jesus Castillo
|
0-0: Ball 1-0: Swinging Strike 1-1: Foul Ball, location: 2F 1-2: Ball 2-2: Ball 3-2: Foul Ball, location: 2F 3-2: Strikes out swinging
|
|
Batting: RHB Bill de Jesus
|
0-0: DOUBLE (Flyball, 89D, EV 105.0 MPH)
|
|
Batting: RHB Kyle Ashton
|
0-0: Called Strike 0-1: Swinging Strike 0-2: Fly out, F8 (Flyball, 8LD, EV 94.4 MPH)
|
| Bottom of the 2nd over - 0 runs, 1 hit, 0 errors, 1 left on base; Syracuse 0 - New Orleans 0 |
| TOP OF THE 3RD |
|
Syracuse Chiefs batting - Pitching for New Orleans Zephyrs : RHP Chris Funderburg
|
|
Batting: RHB Ke-yue Hong
|
0-0: Called Strike 0-1: Ground out 4-3 (Groundball, 4, EV 101.9 MPH)
|
|
Batting: RHB Josh Lykins
|
0-0: Called Strike 0-1: SOLO HOME RUN (Flyball, 9D, EV 101.3 MPH), Distance : 360 ft
|
|
Batting: LHB Dillon Gonzalez
|
0-0: Ball 1-0: Ball 2-0: Ball 3-0: Called Strike 3-1: Ground out 4-3 (Groundball, 34, EV 80.6 MPH)
|
|
Batting: LHB Dana McDonald
|
0-0: Ball 1-0: Fly out, F7 (Flyball, 7LM, EV 95.0 MPH)
|
| Top of the 3rd over - 1 run, 1 hit, 0 errors, 0 left on base; Syracuse 1 - New Orleans 0 |
| BOTTOM OF THE 3RD |
|
New Orleans Zephyrs batting - Pitching for Syracuse Chiefs : LHP Brian Walters
|
|
Batting: RHB John Jackson
|
0-0: Called Strike 0-1: Swinging Strike 0-2: Strikes out swinging
|
|
Batting: LHB Gustavo Patella
|
0-0: Called Strike 0-1: Ball 1-1: Fly out, F9 (Flyball, 9D, EV 100.0 MPH)
|
|
Batting: SHB Ramon Martinez
|
0-0: SINGLE (Groundball, 56D, EV 103.1 MPH)
|
|
Batting: RHB Omar Contreras
|
0-0: Called Strike 0-1: Ground out 4-3 (Groundball, 4, EV 88.8 MPH)
|
| Bottom of the 3rd over - 0 runs, 1 hit, 0 errors, 1 left on base; Syracuse 1 - New Orleans 0 |
| TOP OF THE 4TH |
|
Syracuse Chiefs batting - Pitching for New Orleans Zephyrs : RHP Chris Funderburg
|
|
Batting: LHB Sidney Pedder
|
0-0: Called Strike 0-1: Fly out, F9 (Flyball, 9S, EV 94.4 MPH)
|
|
Batting: RHB Jared Speck
|
0-0: Ball 1-0: Ball 2-0: Foul Ball, location: 2F 2-1: Swinging Strike 2-2: Strikes out swinging
|
|
Batting: SHB Alex Ethridge
|
0-0: Called Strike 0-1: Ball 1-1: Ground out 4-3 (Groundball, 4, EV 90.0 MPH)
|
| Top of the 4th over - 0 runs, 0 hits, 0 errors, 0 left on base; Syracuse 1 - New Orleans 0 |
| BOTTOM OF THE 4TH |
|
New Orleans Zephyrs batting - Pitching for Syracuse Chiefs : LHP Brian Walters
|
|
Batting: RHB Alex Gomez
|
0-0: Foul Ball, location: 2F 0-1: Ball 1-1: Ball 2-1: Ground out 6-3 (Groundball, 6, EV 93.1 MPH)
|
|
Batting: RHB Gebre-Giorgios Tikolo
|
0-0: Called Strike 0-1: Called Strike 0-2: Ball 1-2: Ball 2-2: Foul Ball, location: 2F 2-2: Strikes out looking
|
|
Batting: RHB Jesus Castillo
|
0-0: Ball 1-0: Ground out 5-3 (Groundball, 5, EV 88.8 MPH)
|
| Bottom of the 4th over - 0 runs, 0 hits, 0 errors, 0 left on base; Syracuse 1 - New Orleans 0 |
| TOP OF THE 5TH |
|
Syracuse Chiefs batting - Pitching for New Orleans Zephyrs : RHP Chris Funderburg
|
|
Batting: RHB Rene Montoya
|
0-0: SOLO HOME RUN (Flyball, 78XD, EV 107.5 MPH), Distance : 444 ft
|
|
Batting: RHB Ryan Short
|
0-0: Ball 1-0: Ball 2-0: Ball 3-0: Called Strike 3-1: Called Strike 3-2: DOUBLE (Line Drive, 7LM, EV 93.1 MPH)
|
|
Batting: RHB Ke-yue Hong
|
0-0: Called Strike 0-1: Called Strike 0-2: SINGLE (Groundball, 6MD, EV 84.4 MPH) (infield hit) Ryan Short to third
|
|
Batting: RHB Josh Lykins
|
0-0: Called Strike 0-1: DOUBLE (Groundball, 5L, EV 107.5 MPH) Ryan Short scores Ke-yue Hong to third
|
|
Batting: LHB Dillon Gonzalez
|
0-0: Swinging Strike 0-1: Called Strike 0-2: Ball 1-2: Foul Ball, location: 2F 1-2: Strikes out looking
|
|
Batting: LHB Dana McDonald
|
0-0: Ball 1-0: Called Strike 1-1: Ball 2-1: Foul Ball, location: 2F 2-2: Ball 3-2: Base on Balls
|
|
Batting: LHB Sidney Pedder
|
0-0: Ball 1-0: Ball 2-0: Ball 3-0: Base on Balls Ke-yue Hong scores Josh Lykins to third Dana McDonald to second
|
|
Batting: RHB Jared Speck
|
0-0: Called Strike 0-1: Ball 1-1: Called Strike 1-2: Ball 2-2: SINGLE (Groundball, 25, EV 74.4 MPH) (infield hit) Josh Lykins scores Dana McDonald to third Sidney Pedder to second
|
|
Pitching: RHP Al Mendoza
|
|
|
Batting: SHB Alex Ethridge
|
0-0: Foul Ball, location: 2F 0-1: Foul Ball, location: 2F 0-2: Fly out, F8 (Flyball, 8LD, EV 105.0 MPH) Runner from 3rd tags up, SCORES, throw by CF Sidney Pedder to third
|
|
Batting: RHB Rene Montoya
|
0-0: Ball 1-0: TRIPLE (Flyball, 89XD, EV 103.8 MPH) Sidney Pedder scores Jared Speck scores
|
|
Batting: RHB Ryan Short
|
0-0: Called Strike 0-1: Ball 1-1: Ball 2-1: Foul Ball, location: 2F 2-2: SINGLE (Flyball, 56D, EV 90.0 MPH) Rene Montoya scores
|
|
Batting: RHB Ke-yue Hong
|
0-0: Called Strike 0-1: Foul Ball, location: 2F 0-2: Foul Ball, location: 2F 0-2: Foul Ball, location: 2F 0-2: Ball 1-2: Strikes out swinging
|
| Top of the 5th over - 8 runs, 7 hits, 0 errors, 1 left on base; Syracuse 9 - New Orleans 0 |
| BOTTOM OF THE 5TH |
|
New Orleans Zephyrs batting - Pitching for Syracuse Chiefs : LHP Brian Walters
|
|
Batting: RHB Bill de Jesus
|
0-0: Called Strike 0-1: Fly out, F9 (Flyball, 9LS, EV 83.8 MPH)
|
|
Batting: RHB Kyle Ashton
|
0-0: Ball 1-0: Ball 2-0: Ball 3-0: Called Strike 3-1: Ground out 4-3 (Groundball, 4, EV 90.0 MPH)
|
|
Batting: RHB John Jackson
|
0-0: Ball 1-0: Foul Ball, location: 2F 1-1: Ball 2-1: Ball 3-1: Called Strike 3-2: Ground out 4-3 (Groundball, 4, EV 82.5 MPH)
|
| Bottom of the 5th over - 0 runs, 0 hits, 0 errors, 0 left on base; Syracuse 9 - New Orleans 0 |
| TOP OF THE 6TH |
|
Syracuse Chiefs batting - Pitching for New Orleans Zephyrs : RHP Al Mendoza
|
|
Batting: RHB Josh Lykins
|
0-0: Foul Ball, location: 2F 0-1: Called Strike 0-2: Ball 1-2: Ball 2-2: Foul Ball, location: 2F 2-2: Strikes out swinging
|
|
Batting: LHB Dillon Gonzalez
|
0-0: Ball 1-0: Called Strike 1-1: Called Strike 1-2: Ball 2-2: Foul Ball, location: 2F 2-2: Foul Ball, location: 2F 2-2: Ball 3-2: Base on Balls
|
|
Pitching: LHP Jordan Hernandez
|
|
|
Batting: LHB Dana McDonald
|
0-0: Swinging Strike 0-1: Ball 1-1: Swinging Strike 1-2: Fly out, F7 (Line Drive, 7, EV 88.8 MPH)
|
|
Batting: LHB Sidney Pedder
|
0-0: Called Strike 0-1: Ball 1-1: Ball 2-1: Foul Ball, location: 2F 2-2: Foul Ball, location: 2F 2-2: Ball 3-2: Foul Ball, location: 2F 3-2: Ground out U3 (Groundball, 34, EV 99.4 MPH)
|
| Top of the 6th over - 0 runs, 0 hits, 0 errors, 1 left on base; Syracuse 9 - New Orleans 0 |
| BOTTOM OF THE 6TH |
|
New Orleans Zephyrs batting - Pitching for Syracuse Chiefs : LHP Brian Walters
|
|
Batting: LHB Gustavo Patella
|
0-0: Called Strike 0-1: Swinging Strike 0-2: Ball 1-2: Ball 2-2: Strikes out swinging, 2-3 out at first.
|
|
Batting: SHB Ramon Martinez
|
0-0: Foul Ball, location: 2F 0-1: Called Strike 0-2: Ball 1-2: Foul Ball, location: 2F 1-2: Ball 2-2: SINGLE (Groundball, 4MD, EV 98.8 MPH)
|
|
Batting: RHB Omar Contreras
|
0-0: Ball 1-0: Grounds into double play, 6-4-3 (Groundball, 56, EV 86.9 MPH)
|
| Bottom of the 6th over - 0 runs, 1 hit, 0 errors, 0 left on base; Syracuse 9 - New Orleans 0 |
| TOP OF THE 7TH |
|
Syracuse Chiefs batting - Pitching for New Orleans Zephyrs : LHP Jordan Hernandez
|
|
Batting: RHB Jared Speck
|
0-0: Called Strike 0-1: Foul Ball, location: 2F 0-2: Strikes out looking
|
|
Batting: SHB Alex Ethridge
|
0-0: Reached on error, E4 (Groundball, 4M, EV 76.9 MPH)
|
|
Batting: RHB Rene Montoya
|
0-0: Ball 1-0: Ball 2-0: Called Strike 2-1: Ball 3-1: SINGLE (Groundball, 6M, EV 109.4 MPH) (infield hit) Alex Ethridge to second
|
|
Batting: RHB Ryan Short
|
0-0: Ball 1-0: Reached on error, E4 (Line Drive, 4, EV 60.6 MPH) Alex Ethridge to third Rene Montoya to second
|
|
Batting: RHB Ke-yue Hong
|
0-0: Ball 1-0: Foul Ball, location: 2F 1-1: Called Strike 1-2: Foul Ball, location: 2F 1-2: Ball 2-2: Strikes out swinging
|
|
Batting: RHB Josh Lykins
|
0-0: Called Strike 0-1: Ball 1-1: Swinging Strike 1-2: Strikes out looking
|
| Top of the 7th over - 0 runs, 1 hit, 2 errors, 3 left on base; Syracuse 9 - New Orleans 0 |
| BOTTOM OF THE 7TH |
|
New Orleans Zephyrs batting - Pitching for Syracuse Chiefs : LHP Brian Walters
|
|
Batting: RHB Alex Gomez
|
0-0: Foul Ball, location: 2F 0-1: Fly out, F4 (Popup, 4MD, EV 60.0 MPH)
|
|
Batting: RHB Gebre-Giorgios Tikolo
|
0-0: Ball 1-0: Ground out 6-3 (Groundball, 6, EV 80.0 MPH)
|
|
Batting: RHB Jesus Castillo
|
0-0: Called Strike 0-1: Ball 1-1: Ground out 5-3 (Groundball, 56S, EV 88.1 MPH)
|
| Bottom of the 7th over - 0 runs, 0 hits, 0 errors, 0 left on base; Syracuse 9 - New Orleans 0 |
| TOP OF THE 8TH |
|
Syracuse Chiefs batting - Pitching for New Orleans Zephyrs : LHP Jordan Hernandez
|
|
Batting: LHB Dillon Gonzalez
|
0-0: Ball 1-0: Ball 2-0: Swinging Strike 2-1: Ball 3-1: Foul Ball, location: 2F 3-2: Base on Balls
|
|
Batting: LHB Dana McDonald
|
0-0: Ball 1-0: Ball 2-0: Foul Ball, location: 2F 2-1: Fly out, F8 (Flyball, 8LS, EV 86.9 MPH)
|
|
Pitching: RHP Jose Ramirez
|
|
|
Pinch Hitting: RHB Danny Gerardo
|
0-0: Called Strike 0-1: DOUBLE (Line Drive, 89XD, EV 105.6 MPH) Dillon Gonzalez to third Runner from 3rd tries for Home, SAFE, throw by CF to trailing runner, SAFE at third!
|
|
Batting: RHB Jared Speck
|
0-0: Ball 1-0: Ball 2-0: Fly out, F4 (Popup, 23, EV 84.4 MPH)
|
|
Batting: SHB Alex Ethridge
|
0-0: Called Strike 0-1: DOUBLE (Groundball, 3D, EV 99.4 MPH) Danny Gerardo scores
|
|
Batting: RHB Rene Montoya
|
0-0: Called Strike 0-1: Ball 1-1: Ball 2-1: Swinging Strike 2-2: Strikes out looking
|
| Top of the 8th over - 2 runs, 2 hits, 0 errors, 1 left on base; Syracuse 11 - New Orleans 0 |
| BOTTOM OF THE 8TH |
|
New Orleans Zephyrs batting - Pitching for Syracuse Chiefs : LHP Brian Walters
|
|
Now at SS: Danny Gerardo
|
|
|
Batting: RHB Bill de Jesus
|
0-0: Foul Ball, location: 2F 0-1: Foul Ball, location: 2F 0-2: Strikes out swinging
|
|
Batting: RHB Kyle Ashton
|
0-0: Ground out 5-3 (Groundball, 56S, EV 79.4 MPH)
|
|
Batting: RHB John Jackson
|
0-0: Ball 1-0: Ball 2-0: Ball 3-0: Called Strike 3-1: Base on Balls
|
|
Pinch Hitting: RHB Greg Herzig
|
0-0: Swinging Strike 0-1: Fielders Choice at 2nd, 6-4 (Groundball, 6, EV 105.6 MPH)
|
| Bottom of the 8th over - 0 runs, 0 hits, 0 errors, 1 left on base; Syracuse 11 - New Orleans 0 |
| TOP OF THE 9TH |
|
Syracuse Chiefs batting - Pitching for New Orleans Zephyrs : RHP Jose Ramirez
|
|
Now at 1B: Greg Herzig
|
|
|
Now in LF: Omar Contreras
|
|
|
Batting: RHB Ryan Short
|
0-0: Swinging Strike 0-1: Ball 1-1: Swinging Strike 1-2: Strikes out swinging
|
|
Batting: RHB Ke-yue Hong
|
0-0: Foul Ball, location: 2F 0-1: Ball 1-1: Ball 2-1: Ground out 6-3 (Groundball, 6, EV 86.9 MPH)
|
|
Batting: RHB Josh Lykins
|
0-0: Foul Ball, location: 2F 0-1: Fly out, F9 (Flyball, 89S, EV 75.0 MPH)
|
| Top of the 9th over - 0 runs, 0 hits, 0 errors, 0 left on base; Syracuse 11 - New Orleans 0 |
| BOTTOM OF THE 9TH |
|
New Orleans Zephyrs batting - Pitching for Syracuse Chiefs : LHP Brian Walters
|
|
Batting: SHB Ramon Martinez
|
0-0: Ball 1-0: Ball 2-0: Called Strike 2-1: Called Strike 2-2: Ground out 5-3 (Groundball, 56S, EV 86.9 MPH)
|
|
Batting: RHB Omar Contreras
|
0-0: Ball 1-0: Called Strike 1-1: Fly out, F5 (Flyball, 5D, EV 86.3 MPH)
|
|
Batting: RHB Alex Gomez
|
0-0: Ball 1-0: Ball 2-0: Foul Ball, location: 2F 2-1: Foul Ball, location: 2F 2-2: Ball 3-2: Strikes out looking
|
| Bottom of the 9th over - 0 runs, 0 hits, 0 errors, 0 left on base; Syracuse 11 - New Orleans 0 |
|